 Dungeon Crawl Stone Soup version 0.23-a0-639-ga9a3373 (console) character file.

8 Duffy the Firebug (level 2, 19/19 HPs)
             Began as a Demonspawn Fire Elementalist on Dec 29, 2018.
             Quit the game on level 1 of the Dungeon.
             The game lasted 00:00:30 (321 turns).

Duffy the Firebug (Demonspawn Fire Elementalist)     Turns: 321, Time: 00:00:31

Health: 19/19      AC:  2    Str:  8    XL:     2   Next: 0%
Magic:  5/5        EV: 12    Int: 16    God:
Gold:   12         SH:  0    Dex: 13    Spells: 4/5 levels left

rFire    . . .     SeeInvis .   d - +0 whip
rCold    . . .     Gourm    .   (no shield)
rNeg     . . .     Faith    .   a - +0 robe
rPois    .         Spirit   +   (no helmet)
rElec    .         Reflect  .   (no cloak)
rCorr    .         Harm     .   (no gloves)
MR       .....                  (no boots)
Stlth    ++........             (no amulet)
HPRegen  0.06/turn              (no ring)
MPRegen  0.09/turn              (no ring)

@: no status effects
A: magic shield
a: no special abilities


You were on level 1 of the Dungeon.
You were not hungry.

You visited 1 branch of the dungeon, and saw 1 of its levels.

You collected 12 gold pieces.

Inventory:

Hand Weapons
 d - a +0 whip (weapon)
Armour
 a - a +0 robe (worn)
Scrolls
 b - a scroll of fog {unknown}
 e - a scroll of amnesia {unknown}
 f - a scroll of blinking {unknown}
Comestibles
 c - a ration


   Skills:
 - Level 1.7 Dodging
 - Level 1.7 Stealth
 + Level 2.2 Spellcasting
 + Level 1.4 Conjurations
 + Level 2.8 Fire Magic


You had 4 spell levels left.
You knew the following spells:

 Your Spells              Type           Power        Failure   Level  Hunger
h - Flame Tongue          Conj/Fire      #....        9%          1    #......

Your spell library contained the following spells:

 Spells                   Type           Power        Failure   Level  Hunger
 Throw Flame              Conj/Fire      #.....       13%         2    ###....
 Conjure Flame            Conj/Fire      #.......     26%         3    ###....
 Inner Flame              Hex/Fire       #.......     32%         3    ###....
 Sticky Flame             Conj/Fire      #.......     63%         4    #####..
 Fireball                 Conj/Fire      #.........   93%         5    ######.


Dungeon Overview and Level Annotations

Branches:
Dungeon (1/15)

Altars:


Innate Abilities, Weirdness & Mutations

When hurt, damage is shared between your health and your magic reserves.


Message History

You closely miss the leopard gecko. The leopard gecko bites you.
You hit the leopard gecko.
The leopard gecko is severely wounded.
The leopard gecko misses you.
You barely miss the leopard gecko.
The leopard gecko is severely wounded.
The leopard gecko bites you.
The leopard gecko bites you but does no damage.
You hit the leopard gecko.
You kill the leopard gecko!
You have reached level 2!
Your demonic ancestry asserts itself...
You feel your magical essence form a protective shroud around your flesh.
All of the chunks of flesh in your inventory have rotted away.
You now have 4 gold pieces (gained 2).
You now have 12 gold pieces (gained 8).
f - a scroll labeled WANUWK BOPLYAJ You open the door.
Found a stone staircase leading down.
Are you sure you want to abandon this character and quit the game? (Confirm

..............# #...........#
..............# ##.8.8.8.8.8.##
......#.......###.............##
......#...###...%.~~~~~~~~~~~.<#
............#+###.............##
................##.8.8.8.8.8.##
.................#...........#
.......(.........#############
................@'......
...%(............####.>.
............##...#
............##...#
............##...#
............##...#
##############...# #...# #...#


There were no monsters in sight!

Vanquished Creatures
  A leopard gecko (D:1)
  A bat (D:1)
  A hobgoblin (D:1)
  2 frilled lizards (D:1)
  3 kobolds (D:1)
8 creatures vanquished.

Notes
Turn   | Place    | Note
-------+----------+-------------------------------------------
     0 | D:1      | Duffy the Demonspawn Fire Elementalist began the quest for
                  | the Orb.
     0 | D:1      | Reached XP level 1. HP: 13/13 MP: 3/3
   229 | D:1      | Gained mutation: When hurt, damage is shared between your
                  | health and your magic reserves. [demonic ancestry]
   229 | D:1      | Reached XP level 2. HP: 14/19 MP: 5/5
   321 | D:1      | Quit the game

Vault maps used:
D:1:      mainiacjoe_arrival_reflecting_pool, serial_bayou,
          serial_bayou_shore_b, serial_bayou_shore_b, serial_bayou_ford_a,
          serial_bayou_pond_b

Action                   || total
-------------------------++-------
Melee: Whip              ||    20
 Cast: Flame Tongue      ||     6
Armor: Robe              ||     7
Dodge: Dodged            ||    13

Table legend:
 A = Non-vault XP
 B = Vault XP
 C = Vault XP percentage of total XP
 D = Non-vault monster count
 E = Vault monster count
 F = Vault count percentage of total count
                 A         B        C        D         E       F
            +---------+---------+-------+---------+---------+-------
      Total |      12 |       0 |   0.0 |       8 |       0 |   0.0
            +---------+---------+-------+---------+---------+-------
        D:1 |      12 |       0 |   0.0 |       8 |       0 |   0.0
            +---------+---------+-------+---------+---------+-------
